 Dungeon Crawl Stone Soup version 0.32-a0-859-gb0a091d (webtiles) character file.

Game seed: 17673616904701794595

1515 mezmerelda the Ruffian (level 8, -12/84 HPs)
             Began as a Troll Fighter on Mar 27, 2024.
             Was an Initiate of Makhleb.
             Mangled by a two-headed ogre
             ... wielding a +0 giant club
              (15 damage)
             ... on level 6 of the Dungeon.
             The game lasted 00:12:36 (3712 turns).

mezmerelda the Ruffian (Troll Fighter)              Turns: 3712, Time: 00:12:36

Health: -12/84     AC:  4    Str: 27    XL:     8   Next: 53%
Magic:  0/7        EV:  8    Int:  4    God:    Makhleb [......]
Gold:   236        SH:  7    Dex:  9    Spells: 7/7 levels left

rFire   . .          .
                       - Unarmed
rCold   . . .        b - +0 kite shield
rNeg    + . .        a - +0 robe
rPois   .            (helmet restricted)
rElec   .            (no cloak)
rCorr   .            (gloves unavailable)
SInv    .            (boots unavailable)
Will    .....        x - amulet of guardian spirit
Stlth   +            q - ring of positive energy
HPRegen 1.14/turn    (no ring)
MPRegen 0.10/turn

%: guardian spirit
@: lethally poisoned (-12 -> -14)
A: large, unfitting armour, claws 3, regeneration 1, shaggy fur 1, tough skin 1
a: Renounce Religion


You were on level 6 of the Dungeon.
You worshipped Makhleb.
Makhleb was noncommittal.
You visited 2 branches of the dungeon, and saw 7 of its levels.

You collected 236 gold pieces.

Inventory:

Missiles
 j - 2 throwing nets (quivered)
Armour
 a - a +0 robe (worn)
 b - a +0 kite shield (worn)
Jewellery
 q - a ring of positive energy (left claw)
 x - an amulet of guardian spirit (around neck)
Scrolls
 d - a scroll of enchant weapon {unknown}
 e - 2 scrolls of enchant armour {unknown}
 f - a scroll of vulnerability {unknown}
 i - a scroll of teleportation {unknown}
 l - a scroll of noise {unknown}
 m - a scroll of brand weapon {unknown}
 p - 2 scrolls of poison {unknown}
 r - a scroll of blinking {unknown}
 t - 2 scrolls of amnesia {unknown}
 u - a scroll of fear {unknown}
Potions
 c - 2 potions of might
 g - a potion of mutation {unknown}
 h - 2 potions of curing {unknown}
 k - a potion of heal wounds {unknown}
 n - a potion of degeneration {unknown}
 o - a potion of invisibility {unknown}
 s - a potion of resistance {unknown}
 v - a potion of haste {unknown}
 w - a potion of lignification {unknown}
 z - a potion of brilliance {unknown}


   Skills:
 + Level 6.8 Fighting
 - Level 2.4 Dodging
 - Level 2.6 Shields
 + Level 7.8 Unarmed Combat


You had 7 spell levels left.
You didn't know any spells.
Your spell library contained the following spells:

 Spells                   Type           Power      Damage    Failure   Level
 Magic Dart               Conj           0%         1d3       75%         1
 Mercury Vapours          Alch/Air       0%         N/A       87%         2
 Scorch                   Fire           0%         2d5       87%         2
 Searing Ray              Conj           0%         2d4       87%         2
 Frozen Ramparts          Ice            0%         1d1       98%         3
 Inner Flame              Hex/Fire       0%         N/A       98%         3
 Mephitic Cloud           Conj/Alch/Air  0%         N/A       98%         3
 Ozocubu's Armour         Ice            0%         N/A       98%         3
 Flame Wave               Conj/Fire      0%         2d4       100%        4
 Fulminant Prism          Conj/Alch      0%         3d5       100%        4
 Freezing Cloud           Conj/Ice/Air   0%         6-21      100%        5
 Irradiate                Conj/Alch      0%         3d11      100%        5
 Metabolic Englaciation   Hex/Ice        0%         N/A       100%        5
 Summon Cactus Giant      Summ           0%         N/A       100%        6
 Ignition                 Fire           0%         3d3       100%        8


Dungeon Overview and Level Annotations

Branches:
Dungeon (6/15)             Temple (1/1) D:5

Altars:
Ashenzari
Cheibriados
Dithmenos
Elyvilon
Gozag
Hepliaklqana
Kikubaaqudgha
Makhleb
Okawaru
Qazlal
Ru
Sif Muna
Trog
Uskayaw
Vehumet
Wu Jian
Xom
Yredelemnul
Zin
The Shining One

Shops:
D:4 [

Annotations:
D:4 3 runed translucent doors, kasel's ghost, amateur DrSh; ksj2083's ghost, amateur MiFi


Innate Abilities, Weirdness & Mutations

You are too large for most types of armour.
You have claws for hands.
Your natural rate of healing is unusually fast.
You are covered in fur. (AC +1)
You have tough skin. (AC +1)


Message History

The water moccasin is severely wounded.
You block the water moccasin's attack.
You barely miss the water moccasin.
The water moccasin is severely wounded.
The water moccasin closely misses you. You block the two-headed ogre's attack.
The two-headed ogre barely misses you.
You barely miss the water moccasin.
The water moccasin is severely wounded.
You block the water moccasin's attack. x2
The two-headed ogre hits you with a +0 giant club!
The two-headed ogre barely misses you.
You scratch the water moccasin.
The water moccasin is severely wounded.
You block the water moccasin's attack.
You miss the water moccasin.
The water moccasin is severely wounded.
The water moccasin bites you! The two-headed ogre closely misses you.
The two-headed ogre hits you with a +0 giant club!
The water moccasin bites you.
You completely miss the water moccasin.
The water moccasin is severely wounded.
The water moccasin bites you!
* * * LOW HITPOINT WARNING * * *
You are poisoned.
The water moccasin poisons you!
The two-headed ogre hits you with a +0 giant club!!
* * * LOW HITPOINT WARNING * * *
You block the two-headed ogre's attack.
You scratch the water moccasin.
The water moccasin is severely wounded.
* * * LOW HITPOINT WARNING * * *
You feel very sick.
The water moccasin completely misses you.
You miss the water moccasin.
The water moccasin is severely wounded.
* * * LOW HITPOINT WARNING * * *
You feel very sick. The water moccasin closely misses you.
The two-headed ogre hits you with a +0 giant club!
You die...

..###
######'##
#..>##....#
..# #.#
###.##..#.#
### #.#
#.....#.#
##'#######
###...#.###
#........#
#...#.##.
#........#
##>.#.##.
#........#
#.....#.
##'###########
#.##..#.
#..WO@S......
... ..#.
#.#5###......
#.# .+.
#.#...'.)....
#.
..#O.##.$....
## .###..#
.... # .. #..#
.. # #W #..# .
# .. ...# #
##.# #


You could see a two-headed ogre, a water moccasin, a phantom and an ufetubus.

Vanquished Creatures
  3 water moccasins
  A black bear (D:5)
  2 ice beasts
  3 ogres
  A centaur (D:4)
  A phantom (D:6)
  A scorpion (D:5)
  A howler monkey (D:6)
  3 hounds (D:5)
  A sleepcap (D:5)
  3 iguanas
  2 orc wizards (D:5)
  6 adders
  An ufetubus (D:6)
  2 ribbon worms (D:3)
  4 dart slugs
  13 orcs
  4 ball pythons
  8 endoplasms
  2 giant cockroaches (D:4)
  7 goblins
  7 hobgoblins
  8 jackals
  3 quokkas (D:1)
  7 bats
  4 frilled lizards
  10 kobolds
  7 rats
115 creatures vanquished.

Vanquished Creatures (others)
  A human (D:6)
1 creature vanquished.

Grand Total: 116 creatures vanquished

Notes
Turn   | Place    | Note
-------+----------+-------------------------------------------
     0 | D:1      | mezmerelda the Troll Fighter began the quest for the Orb.
     0 | D:1      | Reached XP level 1. HP: 22/22 MP: 0/0
   173 | D:1      | Reached XP level 2. HP: 29/29 MP: 1/1
   432 | D:1      | Reached XP level 3. HP: 37/37 MP: 2/2
   743 | D:2      | Reached skill level 3 in Unarmed Combat
   769 | D:2      | Identified the +3 robe "Raluacla" {+Blink rN+}
  1133 | D:3      | Noticed a water moccasin
  1213 | D:3      | Reached XP level 4. HP: 45/45 MP: 3/3
  1586 | D:3      | Killed a water moccasin
  1587 | D:3      | Reached skill level 4 in Unarmed Combat
  1587 | D:3      | Reached XP level 5. HP: 45/54 MP: 4/4
  1849 | D:4      | Found a runed translucent gate.
  1850 | D:4      | Found a runed translucent gate.
  1851 | D:4      | Found a runed translucent gate.
  1854 | D:4      | Noticed kasel's ghost (amateur DrSh)
  1854 | D:4      | Noticed ksj2083's ghost (amateur MiFi)
  1975 | D:4      | Noticed an ogre
  2036 | D:5      | Entered Level 5 of the Dungeon
  2055 | D:5      | Noticed a black bear
  2060 | D:5      | Reached XP level 6. HP: 63/63 MP: 5/5
  2068 | D:5      | Reached skill level 5 in Unarmed Combat
  2395 | D:5      | Noticed an ice beast
  2402 | D:5      | Killed an ice beast
  2403 | D:5      | Reached skill level 5 in Fighting
  2403 | D:5      | Reached XP level 7. HP: 60/72 MP: 6/6
  2547 | D:5      | Reached skill level 6 in Unarmed Combat
  2812 | D:5      | Found a staircase to the Ecumenical Temple.
  2816 | Temple   | Entered the Ecumenical Temple
  2819 | Temple   | Became a worshipper of Makhleb the Destroyer
  2961 | D:4      | Found Nylorig's Antique Armour Shoppe.
  3055 | D:4      | Reached XP level 8. HP: 80/83 MP: 4/7
  3272 | D:6      | Reached skill level 7 in Unarmed Combat
  3451 | D:6      | Found an ancient bone altar of Kikubaaqudgha.
  3521 | D:6      | Found a glowing golden altar of the Shining One.
  3694 | D:6      | Noticed a two-headed ogre
  3712 | D:6      | HP: 3/84 [poisoned by a water moccasin]
  3712 | D:6      | Mangled by a two-headed ogre

Illustrated notes

Levels and vault maps discovered:
D:1:      eino_arrival_water_cross, layout_basic, minmay_unequal
D:2:      layout_basic
D:3:      layout_basic
D:4:      cheibrodos_old_hovel, layout_basic, serial_shops, shop,
          gammafunk_ghost_cemetery
D:5:      layout_loops_ring, temple_hall_moat
D:6:      layout_basic, tgw_kikubaaqudgha, nicolae_tso_swordbearing_angel,
          serial_shops, nicolae_shop_tiny_real_fake_doors,
          kennysheep_generic_room_14
Temple:   dpeg_three_leaves_temple

Skill      XL: |  1  2  3  4  5  6  7  8 |
---------------+-------------------------+-----
Fighting       | 3 4 5 6 |  6.8
Unarmed Combat | 3 4 5 6 7 |  7.8
Dodging        | |  2.4
Shields        | |  2.6

Action                     |  1- 3 |  4- 6 |  7- 9 || total
---------------------------+-------+-------+-------++-------
  Melee: Unarmed           |   123 |   130 |   104 ||   357
   Stab: Sleeping          |     1 |     1 |       ||     2
         Distracted        |       |       |     1 ||     1
 Armour: Robe              |    75 |    68 |    50 ||   193
  Dodge: Dodged            |    45 |    38 |    25 ||   108
  Block: Kite shield       |    56 |    53 |    37 ||   146

Table legend: (Time is in decaauts)
 A = Elapsed time spent in this place.
 B = Non-inter-level travel time spent in this place.
 C = Inter-level travel time spent in this place.
 D = Time resting spent in this place.
 E = Time spent auto-exploring this place.
 F = Levels seen in this place.
 G = Mean time per level.
                   A        B        C        D        E       F      G
               +--------+--------+--------+--------+--------+-----+--------+
         Total |   3726 |   3514 |    212 |      7 |   2601 |   7 |  532.3 |
       Dungeon |   3719 |   3507 |    212 |      7 |   2601 |   6 |  619.8 |
        Temple |      6 |      6 |      0 |      0 |      0 |   1 |    6.0 |
               +--------+--------+--------+--------+--------+-----+--------+

Top non-repeatable levels by time:
     D:5: 844 daAuts
     D:1: 710 daAuts
     D:4: 632 daAuts
     D:3: 589 daAuts
     D:6: 473 daAuts
     D:2: 471 daAuts
  Temple: 6 daAuts
